Map: Acid Plant LE

Players

NORTHAMERICA - Winner!

  • Race: Protoss Protoss
  • League: Grandmaster
  • Spawn Location: 5:00

IIIIIIIIIIII

  • Race: Protoss Protoss
  • League: Grandmaster
  • Spawn Location: 11:00

VOD

Have the link to the VOD?

Description

Time

  • Played on: Oct. 25, 2018, 6:24 a.m.
  • Length: 11:27
Show
View Real Time Build Order
Export as new Build Order

NORTHAMERICA Protoss - Winner!

Build Orders: Blink Stalkers 

Get SALT Encoding   

  12  0:01  Probe  
  13  0:13  Probe  
  14  0:19  Pylon  
  14  0:25  Probe  
  15  0:34  Probe  
  15  0:38  Gateway  
  15  0:42  Probe  
  16  0:47  Assimilator  
  17  0:51  Probe  
  17  0:56  Assimilator  
  18  1:00  Probe  
  19  1:08  Probe  
  19  1:10  Gateway  
  20  1:19  Probe  
  21  1:26  Cybernetics Core  
  21  1:31  Probe  
  22  1:37  Pylon  
  22  1:43  Probe  
  23  1:55  Probe  
  24  2:03  Stalker x2  
  24  2:04  Warp Gate  
  28  2:11  Pylon  
  28  2:14  Probe  
  29  2:32  Twilight Council  
  29  2:36  Stalker  
  31  2:39  Stalker  
  33  2:45  Blink  
  33  3:12  Probe  
  34  3:15  Shield Battery  
  34  3:16  Stalker x2  
  38  3:25  Pylon  
  38  3:29  Shield Battery  
  38  3:47  Nexus  
  37  3:56  Shield Battery  
  37  3:59  Robotics Facility  
  37  4:02  Shield Battery  
  37  4:09  Stalker x2  
  41  4:16  Gateway  
  41  4:19  Probe  
  41  4:33  Stalker  
  41  4:34  Stalker  
  45  4:41  Shield Battery  
  35  5:02  Stalker x2  
  39  5:10  Observer  
  38  5:23  Nexus  
  38  5:24  Pylon  
  38  5:30  Probe  
  38  5:33  Sentry  
  41  5:38  Pylon  
  41  5:42  Probe  
  42  5:53  Robotics Bay  
  40  6:05  Shield Battery  
  40  6:06  Immortal  
  44  6:19  Shield Battery  
  44  6:21  Pylon, Stalker x2  
  48  6:26  Pylon  
  48  6:36  Pylon  
  48  6:38  Observer  
  49  6:55  Adept x3  
  53  7:10  Disruptor  
  50  7:27  Probe  
  51  7:30  Nexus  
  51  7:31  Pylon  
  51  7:39  Probe  
  51  7:46  Disruptor  
  54  7:52  Probe  
  55  8:04  Probe  
  54  8:09  Stalker  
  56  8:16  Probe  
  56  8:18  Disruptor  
  56  8:28  Probe  
  57  8:40  Probe  
  54  8:50  Assimilator  
  54  8:52  Probe  
  54  8:53  Assimilator  
  54  8:55  Disruptor  
  51  9:08  Stalker x2  
  51  9:09  Stalker  
  56  9:11  Gateway  
  56  9:22  Warp Prism  
  56  9:31  Gateway  
  56  9:37  Stalker x2  
  62  9:53  Disruptor  
  62  9:58  Pylon  
  62  9:59  Observer  
  65  10:06  Stalker x2  
  65  10:07  Stalker  
  69  10:17  Probe  
  68  10:32  Stalker  
  68  10:33  Stalker x2  
  68  10:34  Disruptor  
  62  10:59  Stalker x3  
Show
View Real Time Build Order
Export as new Build Order

IIIIIIIIIIII Protoss 

Build Orders:  

Get SALT Encoding   

  12  0:00  Probe  
  13  0:12  Probe  
  14  0:18  Pylon  
  14  0:24  Probe  
  15  0:33  Probe  
  15  0:37  Gateway  
  16  0:43  Assimilator, Probe  
  17  0:52  Assimilator  
  17  0:53  Probe  
  18  1:01  Probe  
  18  1:08  Gateway  
  18  1:09  Probe  
  20  1:19  Probe  
  21  1:25  Cybernetics Core  
  21  1:31  Probe  
  22  1:38  Pylon  
  22  1:43  Probe  
  23  1:52  Warp Gate  
  23  1:56  Probe  
  24  2:02  Adept x2  
  28  2:11  Pylon  
  28  2:26  Robotics Facility  
  28  2:32  Sentry, Stalker  
  32  3:00  Pylon  
  32  3:02  Stalker x2  
  32  3:05  Warp Prism  
  35  3:21  Gateway  
  33  3:57  Stalker  
  33  3:58  Stalker  
  37  4:16  Stalker  
  39  4:19  Pylon, Observer  
  39  4:20  Stalker x2  
  44  4:49  Immortal  
  42  4:54  Robotics Bay  
  34  5:09  Probe  
  34  5:13  Stalker x3  
  35  5:21  Probe  
  36  5:22  Warp Prism  
  36  5:25  Shield Battery  
  38  5:37  Sentry x2, Stalker  
  44  6:00  Stalker  
  46  6:06  Pylon  
  46  6:07  Pylon  
  46  6:23  Robotics Bay  
  46  6:34  Nexus, Observer  
  47  6:56  Stalker  
  46  7:10  Disruptor  
  42  7:17  Pylon  
  35  7:23  Stalker x2  
  35  7:28  Zealot  
  41  7:36  Shield Battery  
  41  7:37  Shield Battery  
  41  7:41  Gravitic Drive  
  41  7:47  Probe  
  41  7:48  Probe  
  43  7:54  Warp Prism  
  45  8:05  Stalker  
  34  8:19  Stalker  
  35  8:20  Stalker  
  37  8:34  Stalker  
  33  8:53  Stalker  
  32  9:07  Stalker  
  32  9:09  Disruptor  
  31  9:31  Probe x2  
  33  9:38  Disruptor  
  33  9:43  Probe x2  
  38  9:55  Probe x2  
  40  10:07  Disruptor, Probe  
  40  10:11  Stalker  
  40  10:12  Zealot  
  45  10:19  Probe  
  49  10:21  Probe  
  49  10:22  Assimilator  
  48  10:33  Stalker  
  45  10:48  Stalker x2  
  45  11:05  Stalker  
Tags
 
Add a new tag
Caveats
  • Supply blocks, unpowered buildings, or Contaminate may cause inaccurate times.
  • Supply counts are checked every 10 seconds.